 Dungeon Crawl Stone Soup version 0.25-a0-565-g8875c97ebb (webtiles) character file.

Game seed: 16337220821975411649, levelgen mode: deterministic

533 Conn the Conjurer (level 7, -6/43 HPs)
             Began as an Octopode Conjurer on Feb 26, 2020.
             Was an Initiate of Sif Muna.
             Mangled by a wight
             ... wielding a +3 war axe
              (17 damage)
             ... on level 7 of the Dungeon.
             The game lasted 00:17:39 (6530 turns).

Conn the Conjurer (Octopode Conjurer)               Turns: 6530, Time: 00:17:40

Health: -6/43      AC:  1    Str:  7    XL:     7   Next: 24%
Magic:  3/12       EV: 14    Int: 19    God:    Sif Muna [......]
Gold:   246        SH:  0    Dex: 13    Spells: 1/12 levels left

rFire    . . .     SeeInvis .   a - +2 dagger (elec)
rCold    . . .     Gourm    .   (no shield)
rNeg     . . .     Faith    .   (helmet restricted)
rPois    .         Spirit   .   (no amulet)
rElec    .         Reflect  .   (no ring)
rCorr    .         Harm     .   (no ring)
MR       .....                  (no ring)
Stlth    +++.......             (no ring)
HPRegen  0.14/turn              (no ring)
MPRegen  0.13/turn              (no ring)
                                (no ring)
                                (no ring)

@: drained
A: almost no armour, stealthy swim, amphibious, 8 rings, constrict 8, camouflage
1, gelatinous body 1
a: Renounce Religion


You were on level 7 of the Dungeon.
You worshipped Sif Muna.
Sif Muna was noncommittal.
You were not hungry.

You visited 1 branch of the dungeon, and saw 6 of its levels.

You collected 246 gold pieces.

Inventory:

Hand Weapons
 a - a +2 dagger of electrocution (weapon)
 b - a +2 spear of venom
 e - a +0 short sword
 s - a +0 falchion
Missiles
 f - 35 sling bullets
 q - 2 javelins (quivered)
 t - 13 boomerangs
Wands
 y - a wand of digging (6)
Scrolls
 d - 3 scrolls of remove curse
 g - a scroll of amnesia
 i - a scroll of fear
 k - a scroll of immolation
 l - 2 scrolls of enchant armour
Potions
 c - a potion of heal wounds
 j - a potion of cancellation {unknown}
 m - a potion of invisibility {unknown}
 n - a potion of flight {unknown}
 o - a potion of degeneration {unknown}
 u - a potion of magic {unknown}
 w - 2 potions of curing {unknown}
 x - a potion of berserk rage {unknown}
Comestibles
 h - a chunk of flesh
 v - 7 rations


   Skills:
 + Level 1.5(1.0) Fighting
 + Level 1.8(1.2) Short Blades
 + Level 3.0(2.4) Dodging
 + Level 4.0(3.4) Stealth
 * Level 3.4(2.8) Spellcasting
 * Level 5.7(5.0) Conjurations
 * Level 1.9(1.3) Hexes
 * Level 1.8(1.2) Transmutations


You had one spell level left.
You knew the following spells:

 Your Spells              Type           Power        Failure   Level  Hunger
a - Magic Dart            Conj           ###.         1%          1    None
b - Searing Ray           Conj           ###...       3%          2    ##.....
c - Dazzling Flash        Conj/Hex       ##....       13%         3    ###....
d - Beastly Appendage     Tmut           #.....       10%         1    None
e - Iskenderun's Mystic   Conj/Tloc      ##......     47%         4    ####...

Your spell library contained the following spells:

 Spells                   Type           Power        Failure   Level  Hunger
 Sticks to Snakes         Tmut           #.......     14%         2    ##.....
 Spider Form              Tmut/Pois      #.........   36%         3    ###....
 Fulminant Prism          Conj/Hex       ##........   38%         4    ####...
 Ice Form                 Ice/Tmut       #.......     77%         4    ####...
 Blade Hands              Tmut           #.........   95%         5    ######.


Dungeon Overview and Level Annotations

Branches:
Dungeon (5/15)
 Temple: D:4-7

Altars:
Makhleb
Sif Muna
Yredelemnul

Annotations:
D:4 3 runed translucent doors, Emblim88's ghost, amateur GrFi; Grimalkyne's ghost, amateur DsGl; blobbo's ghost, novice GnTm


Innate Abilities, Weirdness & Mutations

You cannot wear most types of armour.
You are very stealthy in the water. (Stealth+)
You are amphibious.
You can wear up to eight rings at the same time.
You can use your tentacles to constrict eight enemies at once.
Your skin changes colour to match your surroundings (Stealth+).
Your rubbery body absorbs attacks. (AC +1, EV +1)


Message History

You barely miss the wight. You grab the wight.
The wight is heavily damaged.
You constrict the wight, but do no damage.
The wight hits you with a +3 war axe!
Casting: Searing Ray (safe; 2% risk of failure)
Confirm with . or Enter, or press ? or * to list all spells.
Aiming: Searing Ray (safe; 2% risk of failure)
Press: ? - help, Shift-Dir - straight line, f - wight
Aim: a wight, wielding a +3 war axe and wearing a +0 robe (heavily damaged, constricted by you)
The searing ray hits the wight.
The wight is severely damaged. (Press . to maintain the ray.)
You constrict the wight. The wight hits you with a +3 war axe.
You feel drained.
* * * LOW HITPOINT WARNING * * *
The searing ray hits the wight.
The wight is almost destroyed.
You constrict the wight, but do no damage.
The wight hits you with a +3 war axe!
You die...

##+#### #.### #.#
#.... #.# #####
##.##
####...##########
#................
#
#.##...##########
#.##.##)###.##
#...)z@.# ###
$.....#### #####


You could see a wight.

Vanquished Creatures
  An orc warrior (D:7)
  2 wights (D:7)
  A bullfrog zombie (D:7)
  An orc priest (D:7)
  A worker ant (D:4)
  A killer bee zombie (D:5)
  4 gnolls (D:3)
  9 adders
  A shadow imp (D:7)
  An adder zombie (D:1)
  3 worms
  2 dart slugs (D:1)
  2 leopard geckos
  6 orcs
  2 ball pythons (D:3)
  7 giant cockroaches
  2 gnoll zombies (D:2)
  10 goblins
  10 hobgoblins
  8 jackals (D:3)
  7 quokkas
  6 bats
  4 frilled lizards
  6 kobolds
  A quokka zombie (D:1)
  11 rats
  2 fungi (D:7)
111 creatures vanquished.

Vanquished Creatures (others)
  A plant (D:2)
  3 withered plants (D:4)
4 creatures vanquished.

Grand Total: 115 creatures vanquished

Notes
Turn   | Place    | Note
-------+----------+-------------------------------------------
     0 | D:1      | Conn the Octopode Conjurer began the quest for the Orb.
     0 | D:1      | Reached XP level 1. HP: 11/11 MP: 3/3
   130 | D:1      | Reached XP level 2. HP: 17/17 MP: 0/5
   605 | D:1      | Reached XP level 3. HP: 15/21 MP: 6/6
  1289 | D:2      | Reached skill level 5 in Conjurations
  1559 | D:2      | Found a burning altar of Makhleb.
  1656 | D:2      | Reached XP level 4. HP: 16/27 MP: 4/7
  2354 | D:2      | Learned a level 2 spell: Searing Ray
  2358 | D:2      | Learned a level 3 spell: Dazzling Flash
  2360 | D:2      | Learned a level 1 spell: Beastly Appendage
  2785 | D:2      | Found a basalt altar of Yredelemnul.
  2871 | D:3      | Reached XP level 5. HP: 29/32 MP: 6/9
  4322 | D:3      | Reached skill level 1 in Short Blades
  4408 | D:3      | Reached skill level 1 in Hexes
  4746 | D:3      | Reached skill level 1 in Fighting
  4799 | D:3      | Reached XP level 6. HP: 23/38 MP: 10/10
  5047 | D:4      | Reached skill level 1 in Transmutations
  5280 | D:4      | Found a runed translucent gate.
  5280 | D:4      | Found a runed translucent gate.
  5280 | D:4      | Found a runed translucent gate.
  5285 | D:4      | Noticed Emblim88's ghost (amateur GrFi)
  5285 | D:4      | Noticed Grimalkyne's ghost (amateur DsGl)
  5286 | D:4      | Noticed blobbo's ghost (novice GnTm)
  5368 | D:4      | Found a shimmering blue altar of Sif Muna.
  5376 | D:4      | Became a worshipper of Sif Muna the Loreminder
  5764 | D:4      | Learned a level 4 spell: Iskenderun's Mystic Blast
  5792 | D:5      | Entered Level 5 of the Dungeon
  5818 | D:5      | Noticed an ice beast
  6345 | D:5      | You fall into a shaft and drop 2 floors!
  6346 | D:7      | Noticed an orc warrior
  6347 | D:7      | Killed an orc warrior
  6437 | D:7      | Reached XP level 7. HP: 36/43 MP: 9/11
  6530 | D:7      | Mangled by a wight

Levels and vault maps discovered:
D:1:      saegor_arrival_fortress, layout_basic, corexii_hall_statues_l
D:2:      wad_woods_stonehenge, layout_basic, lemuel_zombie_altar_yredelemnul
D:3:      layout_rooms, grunt_ministairs_13, minmay_bisected
D:4:      layout_loops_ring, nicolae_overflow_crystal_walls,
          gammafunk_ghost_cemetery
D:5:      layout_basic, bloody_trog, nicolae_ossuary_entry_monument,
          first_ration
D:7:      layout_loops_corners, minmay_temple_entry_nine_rooms,
          minmay_gold_behind_fungi

Skill      XL: |  1  2  3  4  5  6  7 |
---------------+----------------------+-----
Conjurations   | 5 |  5.7
Stealth        | 3 4 |  4.0
Short Blades   | 1 |  1.8
Hexes          | 1 |  1.9
Fighting       | 1 |  1.5
Spellcasting   | 3 |  3.4
Transmutations | 1 |  1.8
Dodging        | 3 |  3.0

Action                   |  1- 3 |  4- 6 |  7- 9 || total
-------------------------+-------+-------+-------++-------
Melee: Unarmed           |     7 |       |       ||     7
       Constrict         |    15 |    35 |     2 ||    52
       Short sword       |    54 |    85 |       ||   139
       Tentacles         |    11 |    19 |       ||    30
       Dagger            |       |    51 |     2 ||    53
       Kick              |       |     1 |       ||     1
 Cast: Magic Dart        |    44 |    85 |     1 ||   130
       Searing Ray       |       |     4 |     2 ||     6
       Beastly Appendage |       |     2 |       ||     2
       Dazzling Flash    |       |     2 |       ||     2
  Use: Scroll            |       |    10 |       ||    10
       Potion            |       |     2 |       ||     2
 Stab: Sleeping          |     7 |     5 |     1 ||    13
  Eat: Chunk             |     3 |    11 |     1 ||    15
       Ration            |       |     1 |       ||     1
Armor: Skin              |     4 |    14 |       ||    18
Dodge: Dodged            |    45 |   149 |     5 ||   199

Table legend:
 A = Non-vault XP
 B = Vault XP
 C = Vault XP percentage of total XP
 D = Non-vault monster count
 E = Vault monster count
 F = Vault count percentage of total count
                 A         B        C        D         E       F
            +---------+---------+-------+---------+---------+-------
      Total |     662 |     100 |  13.1 |      90 |      19 |  17.4
            +---------+---------+-------+---------+---------+-------
        D:1 |      43 |       7 |  14.0 |      26 |       2 |   7.1
        D:2 |      63 |      16 |  20.3 |      20 |       8 |  28.6
        D:3 |     127 |      77 |  37.7 |      34 |       9 |  20.9
        D:4 |      50 |       0 |   0.0 |       2 |       0 |   0.0
        D:5 |      30 |       0 |   0.0 |       1 |       0 |   0.0
        D:7 |     349 |       0 |   0.0 |       7 |       0 |   0.0
            +---------+---------+-------+---------+---------+-------
